 Dungeon Crawl Stone Soup version 0.29.0-11-gd7f09526c8 (webtiles) character file.

Game seed: 6034092061597006490

122 gelatine the Chopper (level 4, -1/34 HPs)
             Began as a Demonspawn Gladiator on Sept 3, 2022.
             Killed from afar by Natasha (10 damage)
             ... with a puff of flame
             ... on level 3 of the Dungeon.
             The game lasted 00:05:06 (2534 turns).

gelatine the Chopper (Demonspawn Gladiator)         Turns: 2534, Time: 00:05:06

Health: -1/34      AC:  7    Str: 17    XL:     4   Next: 78%
Magic:  4/4        EV: 12    Int:  9    God:
Gold:   153        SH:  0    Dex: 14    Spells: 3/3 levels left

rFire   . . .      SeeInvis .   a - +0 war axe
rCold   + . .      Faith    .   (no shield)
rNeg    . . .      Spirit   .   r - +1 leather armour {rC+}
rPois   .          Reflect  .   c - +0 helmet
rElec   .          Harm     .   (no cloak)
rCorr   .          Rampage  .   (no gloves)
Will    .....                   (no boots)
Stlth   +.........              (no amulet)
HPRegen 0.11/turn               (no ring)
MPRegen 0.09/turn               (no ring)

@: no status effects
A: slimy green scales 1, powered by death 1
a: no special abilities


You were on level 3 of the Dungeon.
You visited 1 branch of the dungeon, and saw 3 of its levels.

You collected 153 gold pieces.

Inventory:

Hand Weapons
 a - a +0 war axe (weapon)
Missiles
 d - 2 throwing nets (quivered)
 e - a javelin
 f - 6 poisoned darts
Armour
 c - a +0 helmet (worn)
 r - a +1 leather armour of cold resistance (worn)
Scrolls
 b - a scroll of enchant weapon {unknown}
 k - a scroll of poison {unknown}
 m - a scroll of amnesia {unknown}
 n - a scroll of teleportation {unknown}
 o - a scroll of enchant armour {unknown}
 q - a scroll of magic mapping {unknown}
 s - a scroll of immolation {unknown}
 t - a scroll of acquirement {unknown}
Potions
 g - a potion of lignification {unknown}
 h - a potion of ambrosia
 i - 2 potions of brilliance {unknown}
 j - 2 potions of attraction {unknown}
 l - a potion of haste {unknown}
 p - 2 potions of berserk rage {unknown}


   Skills:
 + Level 2.7 Fighting
 + Level 3.8 Axes
 + Level 1.9 Throwing
 + Level 1.4 Armour
 + Level 3.2 Dodging
 + Level 0.4 Stealth


You had 3 spell levels left.
You didn't know any spells.
Your spell library contained the following spells:

 Spells                   Type           Power      Damage    Failure   Level
 Magic Dart               Conj           0%         1d3       43%         1
 Call Imp                 Summ           0%         N/A       58%         2
 Ensorcelled Hibernation  Hex/Ice        0%         N/A       58%         2
 Confusing Touch          Hex            0%         N/A       82%         3
 Mephitic Cloud           Conj/Pois/Air  0%         N/A       82%         3
 Spider Form              Tmut/Pois      0%         N/A       82%         3
 Anguish                  Hex/Necr       0%         N/A       99%         4
 Yara's Violent Unravell  Hex/Tmut       0%         3d3       100%        5
 Enfeeble                 Hex            0%         N/A       100%        7


Dungeon Overview and Level Annotations

Branches:
Dungeon (3/15)

Altars:

Annotations:
D:3 Natasha


Innate Abilities, Weirdness & Mutations

You are partially covered in slimy green scales. (AC +2)
You regenerate a little health from kills.


Message History

You open the door.
Found a dagger.
There is an open door here.
You see here a +0 dagger.
As you open the door, it creaks loudly!
A bat comes into view.
The bat hits you but does no damage. The bat closely misses you.
A bat is nearby!
You barely miss the bat. The bat closely misses you.
The bat hits you but does no damage.
There is an open door here.
The bat hits you but does no damage.
A bat is nearby!
You slash the bat!
You kill the bat!
There is an open door here.
As you open the door, it creaks loudly!
Found 11 gold pieces.
There is an open door here.
You now have 153 gold pieces (gained 11).
You open the door.
There is an open door here.
There is an open door here.
Natasha, Servant of Life and Death comes into view.
She is carrying a wand of flame (29).
Natasha hisses angrily.
Natasha casts a spell at you. The magic dart hits you!
Found 11 gold pieces.
Natasha stares at you and mumbles some strange words.
The magic dart hits you. Natasha claws you.
You completely miss Natasha.
Natasha zaps a wand.
The puff of flame hits you! Natasha closely misses you.
You barely miss Natasha.
Natasha stares at you and mumbles some strange words.
The magic dart hits you.
* * * LOW HITPOINT WARNING * * *
You hit Natasha but do no damage.
Natasha zaps a wand.
The puff of flame hits you!
You die...

#. $ .## ..#
..########## #.#
#........... #.#
############ #h#
#@# ## #.# ##. #.#
##..
#.#############<..
#.##.............#
#....########....#
#..### #...####
#### ####.###
#....#


You could see Natasha.

Vanquished Creatures
  Natasha (D:3)
  3 adders
  A dart slug (D:1)
  5 orcs (D:3)
  4 bats
  4 endoplasms
  5 giant cockroaches
  4 goblins
  6 hobgoblins
  3 quokkas
  12 ball pythons
  3 frilled lizards (D:1)
  3 kobolds
  6 rats
60 creatures vanquished.

Notes
Turn   | Place    | Note
-------+----------+-------------------------------------------
     0 | D:1      | gelatine the Demonspawn Gladiator began the quest for the
                  | Orb.
     0 | D:1      | Reached XP level 1. HP: 16/16 MP: 1/1
   384 | D:1      | Gained mutation: You regenerate a little health from kills.
                  | [demonic ancestry]
   384 | D:1      | Reached XP level 2. HP: 22/22 MP: 2/2
   875 | D:1      | Reached XP level 3. HP: 28/28 MP: 3/3
  1432 | D:2      | Reached skill level 1 in Armour
  1661 | D:3      | Gained mutation: You are partially covered in slimy green
                  | scales. (AC +2) [demonic ancestry]
  1661 | D:3      | Reached XP level 4. HP: 2/34 MP: 4/4
  2373 | D:3      | Noticed Natasha
  2391 | D:3      | Killed Natasha
  2527 | D:3      | Noticed Natasha
  2534 | D:3      | Killed from afar by Natasha

Illustrated notes

Levels and vault maps discovered:
D:1:      ebering_hopf_link, layout_loops_ring, minmay_heptomino_w4
D:2:      layout_basic
D:3:      minmay_wonky_spiral, layout_rooms, nicolae_hexahallways, uniq_natasha

Skill      XL: |  1  2  3 |
---------------+----------+-----
Axes           | 3 |  3.8
Dodging        | 3 |  3.2
Armour         | 1 |  1.4
Fighting       | |  2.7
Throwing       | |  1.9
Stealth        | |  0.4

Action                   |  1- 3 |  4- 6 || total
-------------------------+-------+-------++-------
Melee: War axe           |   126 |    67 ||   193
       Punch             |       |     2 ||     2
Throw: Throwing net      |     1 |       ||     1
  Use: Potion            |     1 |     1 ||     2
 Stab: Sleeping          |     3 |       ||     3
Armor: Leather armour    |    43 |    34 ||    77
Dodge: Dodged            |   119 |    56 ||   175
